 Dungeon Crawl Stone Soup version 0.30.1-11-g7821555f0a (webtiles) character file.

Game seed: 12349200857937597429

48 RancidPinata the Cudgeller (level 3, -3/23 HPs)
             Began as a Gargoyle Gladiator on Dec 14, 2023.
             Constricted to death by Sigmund (5 damage)
             ... on level 2 of the Dungeon.
             The game lasted 00:06:42 (1511 turns).

RancidPinata the Cudgeller (Gargoyle Gladiator)     Turns: 1511, Time: 00:06:42

Health: -3/23      AC:  8    Str: 14 (17) XL:     3   Next: 72%
Magic:  3/3        EV:  8    Int:  7 (10) God:
Gold:   85         SH:  0    Dex: 10 (11) Spells: 2/2 levels left

rFire   . . .        a - +0 flail
rCold   . . .        (no shield)
rNeg    + . .        b - +0 leather armour
rPois   ∞            c - +0 helmet
rElec   +            (no cloak)
rCorr   .            r - +0 pair of gloves
SInv    .            (no boots)
Will    .....        (no amulet)
Stlth   +            (no ring)
HPRegen 0.23/turn    (no ring)
MPRegen 0.08/turn

%: no passive effects
@: grasped by roots, flying, constricted
A: sickness immunity, AC +3, negative energy resistance 1, electricity
resistance, torment resistance 1, petrification resistance
a: no special abilities


You were on level 2 of the Dungeon.
You visited 1 branch of the dungeon, and saw 3 of its levels.

You collected 85 gold pieces.

Inventory:

Hand Weapons
 a - a +0 flail (weapon)
 p - a +0 great mace
 v - a +0 battleaxe
Missiles
 d - 3 throwing nets
 e - a javelin
 j - a poisoned dart (quivered)
 k - 19 stones
 w - 4 boomerangs
Armour
 b - a +0 leather armour (worn)
 c - a +0 helmet (worn)
 r - a +0 pair of gloves (worn)
 t - a +0 pair of boots
Scrolls
 g - a scroll of amnesia {unknown}
 h - a scroll of fear {unknown}
 l - 2 scrolls of identify {unknown}
 m - 4 scrolls of teleportation {unknown}
 s - a scroll of vulnerability {unknown}
 u - a scroll of magic mapping {unknown}
Potions
 f - 2 potions of heal wounds {unknown}
 i - 2 potions of degeneration
 n - a potion of flight
 o - a potion of invisibility {unknown}
 q - a potion of berserk rage {unknown}


   Skills:
 * Level 3.2 Fighting
 * Level 0.0(1.7) Axes
 - Level 3.3 Maces & Flails
 + Level 2.2 Throwing
 + Level 1.3 Armour
 - Level 2.4 Dodging


You had 2 spell levels left.
You didn't know any spells.
Your spell library contained the following spells:

 Spells                   Type           Power      Damage    Failure   Level
 Slow                     Hex            0%         N/A       50%         1
 Ensorcelled Hibernation  Hex/Ice        0%         N/A       65%         2
 Confusing Touch          Hex            0%         N/A       86%         3
 Spider Form              Tmut/Pois      0%         N/A       86%         3
 Vampiric Draining        Necr           0%         2d6       86%         3
 Anguish                  Hex/Necr       0%         N/A       99%         4


Dungeon Overview and Level Annotations

Branches:
Dungeon (3/15)

Altars:

Annotations:
D:2 Sigmund


Innate Abilities, Weirdness & Mutations

You are immune to sickness and miasma.
Your stone body is resilient. (AC +3)
You are immune to poison.
You resist negative energy. (rN+)
You are resistant to electric shocks. (rElec)
You are resistant to unholy torment.
You are immune to petrification.


Message History

You start resting.
HP restored.
You start waiting.
Sigmund is nearby!
Throw: 4 darts (poison)
Press: ? - help, Q - select action, (/) - cycle Shift-Dir - straight line, f - Sigmund
Aim: Sigmund, wielding a +0 scythe, wearing a +0 robe and carrying a wand of roots (1) (53% to hit)
You throw a poisoned dart.
The poisoned dart closely misses Sigmund.
Sigmund misses you.
Throw: 3 darts (poison)
Press: ? - help, Q - select action, (/) - cycle Shift-Dir - straight line, f/p - Sigmund
Aim: Sigmund, wielding a +0 scythe, wearing a +0 robe and carrying a wand of roots (1) (53% to hit)
You throw a poisoned dart.
The poisoned dart closely misses Sigmund.
A giant cockroach comes into view.
Sigmund gestures at you while chanting. The puff of flame hits you!
Throw: 2 darts (poison)
Press: ? - help, Q - select action, (/) - cycle Shift-Dir - straight line, f/p - Sigmund
Aim: Sigmund, wielding a +0 scythe, wearing a +0 robe and carrying a wand of roots (1) (53% to hit)
You throw a poisoned dart. The poisoned dart hits Sigmund.
Sigmund is poisoned.
Sigmund zaps a wand.
The roots erupt in riotous growth!
The grasping roots grab you!
The now-empty wand crumbles to dust.
The grasping roots constrict you.
The roots grasp on you weakens, but your attempt to escape fails.
Sigmund points at you and mumbles some strange words.
The puff of flame hits you!
* * * LOW HITPOINT WARNING * * *
The grasping roots constrict you.
It was a potion of degeneration.
There was something very wrong with that liquid.
You feel weakened.
You feel dopey.
You feel clumsy. The grasping roots constrict you.
* * * LOW HITPOINT WARNING * * *
It was a potion of flight.
You feel very buoyant.
You fly up into the air.
Sigmund drinks a potion.
Sigmund is healed!
Sigmund looks more healthy.
The grasping roots constrict you.
You die...

#.#.#.#.####.#
#@
#.#..........#
#.
#.#.#.#.######
#. #.#.#.#†#
#. #.#.#.#.#
#. #.......#
#. ####.####
#(#####....#
#.B@.@..####
#########


You could see Sigmund and a giant cockroach.

Vanquished Creatures
  A worm (D:2)
  A dart slug (D:2)
  3 ball pythons
  7 bats
  4 endoplasms
  A giant cockroach (D:2)
  6 goblins
  5 hobgoblins
  2 quokkas (D:1)
  4 frilled lizards
  3 kobolds
37 creatures vanquished.

Notes
Turn   | Place    | Note
-------+----------+-------------------------------------------
     0 | D:1      | RancidPinata the Gargoyle Gladiator began the quest for the
                  | Orb.
     0 | D:1      | Reached XP level 1. HP: 12/12 MP: 1/1
   189 | D:1      | Reached XP level 2. HP: 18/18 MP: 2/2
   217 | D:1      | Found a faded altar of an unknown god.
   594 | D:1      | Reached skill level 1 in Armour
   772 | D:1      | Reached XP level 3. HP: 22/22 MP: 3/3
  1497 | D:2      | Noticed Sigmund
  1510 | D:2      | HP: 1/23 [constriction (4)]
  1511 | D:2      | Constricted to death by Sigmund

Illustrated notes

Levels and vault maps discovered:
D:1:      elethiomel_arrival_quiet, layout_loops_ring,
          shapermc_ecumenical_altar_venn
D:2:      kennysheep_big_flooded_room, layout_basic, uniq_sigmund
D:3:      layout_rooms

Skill      XL: |  1  2  3 |
---------------+----------+-----
Throwing       | 2 |  2.2
Armour         | 1 |  1.3
Fighting       | 3 |  3.2
Maces & Flails | |  3.3
Dodging        | |  2.4

Action                     || total
---------------------------++-------
  Melee: Flail             ||   126
  Throw: Dart              ||     3
    Use: Potion            ||     2
 Armour: Leather armour    ||    74
  Dodge: Dodged            ||   108
